 Dungeon Crawl Stone Soup version 0.31.0-9-g3a7656b989 (webtiles) character file.

Game seed: 2819836579427438664

250 qw the Skirmisher (level 5, -1/30 HPs)
             Began as a Deep Elf Hunter on Feb 2, 2024.
             Killed from afar by an orc wizard (10 damage)
             ... with a magic dart
             ... on level 3 of the Dungeon.
             The game lasted 00:00:08 (2006 turns).

qw the Skirmisher (Deep Elf Hunter)                 Turns: 2006, Time: 00:00:09

Health: -1/30      AC:  6    Str: 10    XL:     5   Next: 88%
Magic:  7/7        EV: 11    Int: 14    God:
Gold:   92         SH:  0    Dex: 18    Spells: 4/4 levels left

rFire   . . .        a - +1 shortbow
rCold   . . .        (shield currently unavailable)
rNeg    . . .        g - +0 ring mail
rPois   .            b - +0 helmet
rElec   .            (no cloak)
rCorr   .            (no gloves)
SInv    .            (no boots)
Will    .....        (no amulet)
Stlth   +            (no ring)
HPRegen 0.25/turn    (no ring)
MPRegen 0.10/turn

%: no passive effects
@: no status effects
A: no striking features
a: no special abilities


You were on level 3 of the Dungeon.
You visited 1 branch of the dungeon, and saw 3 of its levels.

You collected 188 gold pieces.
You spent 96 gold pieces at shops.


   Skills:
 - Level 2.0 Fighting
 + Level 9.3 Ranged Weapons
 - Level 2.4 Dodging
 - Level 1.2 Stealth


You had 4 spell levels left.
You didn't know any spells.
Your spell library was empty.

Inventory:

Hand Weapons
 a - a +1 shortbow (weapon)
Armour
 b - a +0 helmet (worn)
 e - a scarf of harm
 g - a +0 ring mail (worn)
Scrolls
 k - a scroll of fear {unknown}
Potions
 c - a potion of attraction {unknown}
 d - 4 potions of curing
 f - 2 potions of haste {unknown}
 h - a potion of lignification {unknown}
 i - a potion of brilliance {unknown}

Dungeon Overview and Level Annotations

Branches:
Dungeon (3/15)

Altars:
Uskayaw

Shops:
D:2 !


Message History

The orc priest is almost dead.
The orc priest invokes the aid of Beogh against you.
Pain shoots through your body!
You shoot an arrow.
The arrow hits the orc priest but does no damage.
The orc priest is almost dead.
You shoot an arrow. The arrow barely misses the orc priest.
The orc priest hits you with a +0 mace.
You hear some strange, mumbled words.
You are confused.
The orc priest barely misses you.
2000 ||| DRINKING 5 potions of curing.
You feel better.
2000 ||| (to cure confusion)
You hear some strange, mumbled words.
Something tries to affect you, but you resist.
The orc priest hits you with a +0 mace.
You shoot an arrow.
The arrow hits the orc priest but does no damage.
The orc priest is almost dead.
Something hits you.
The orc priest hits you but does no damage.
You shoot an arrow.
The arrow hits the orc priest but does no damage.
The orc priest is almost dead.
Something hits you but does no damage.
The orc priest invokes the aid of Beogh against you.
Beogh smites you!
Ouch! That really hurt!
You shoot an arrow. The arrow hits the orc priest!
You kill the orc priest!
Something hits you but does no damage.
You shoot an arrow. Something hits you but does no damage.
You shoot an arrow. Something hits you but does no damage.
You shoot an arrow.
You hear some strange, mumbled words.
A magic dart appears from out of thin air!
The magic dart hits you!
You die...

(.....# ......# ..))..# .#..###
...%..# ......############
....%.).#........#
......).........)#####.. ....
.#..............@{...... <. #...
.......##........####### ...#...
#...##'##........# ##..#...#
#................# #.###.....
.............##..##### . ........
.............###.)...#.#......8..
.............# ##%.#.#...........
.......>.....# #........###.....
..#..........# ####.#####..#)..#


There were no monsters in sight!

Vanquished Creatures
  A jelly (D:3)
  An orc priest (D:3)
  Jessica (D:2)
  5 adders
  3 gnolls (D:3)
  5 dart slugs
  A ribbon worm (D:2)
  3 orcs (D:3)
  4 endoplasms (D:1)
  4 giant cockroaches
  6 goblins
  9 hobgoblins
  3 jackals (D:2)
  6 kobolds
  2 quokkas
  5 ball pythons
  9 bats
  2 frilled lizards
  7 rats
  A spectral kobold (D:2)
78 creatures vanquished.

Notes
Turn   | Place    | Note
-------+----------+-------------------------------------------
     0 | D:1      | qw the Deep Elf Hunter began the quest for the Orb.
     0 | D:1      | Reached XP level 1. HP: 12/12 MP: 3/3
     0 | D:1      | 0 ||| qw: Version: 0.3-a-155-g5e7d8dd
     0 | D:1      | 0 ||| qw: Game counter: 667
     0 | D:1      | 0 ||| qw: Melee chars always use a shield: true
     0 | D:1      | 0 ||| qw: God list: Okawaru
     0 | D:1      | 0 ||| qw: Allow faded altars: false
     0 | D:1      | 0 ||| qw: Do Orc after clearing Dungeon:15 true
     0 | D:1      | 0 ||| qw: Do second Lair branch before Depths: true
     0 | D:1      | 0 ||| qw: Lair rune preference: random
     0 | D:1      | 0 ||| qw: Goals: Normal
     0 | D:1      | 0 ||| PLANNING D:1-11
    80 | D:1      | Reached XP level 2. HP: 16/16 MP: 4/4
    81 | D:1      | Reached skill level 6 in Ranged Weapons
   242 | D:1      | Reached XP level 3. HP: 20/20 MP: 5/5
   591 | D:1      | 591 ||| UPGRADING to +0 ring mail.
   601 | D:1      | 601 ||| DROPPING +0 leather armour.
   602 | D:1      | 602 ||| READING scroll labelled IKOETU YZIETUU.
   603 | D:1      | 603 ||| READING scroll labelled WOEMIE AKKOAPP.
   604 | D:1      | 604 ||| DROPPING scroll of butterflies.
   639 | D:2      | Reached skill level 7 in Ranged Weapons
   815 | D:2      | Found a faded altar of an unknown god.
   859 | D:2      | Reached XP level 4. HP: 25/25 MP: 6/6
   910 | D:2      | Noticed Jessica
   916 | D:2      | Killed Jessica
   917 | D:2      | Reached skill level 8 in Ranged Weapons
  1145 | D:2      | Found Ceblemy's Distillery.
  1150 | D:2      | 1150 ||| SHOPLISTING 2 potions of enlightenment (120 gold,
                  | have 108).
  1150 | D:2      | 1150 ||| BUYING potion of curing (36 gold).
  1150 | D:2      | Bought a potion of curing for 36 gold pieces
  1150 | D:2      | 1150 ||| BUYING potion of heal wounds (60 gold).
  1150 | D:2      | Bought a potion of heal wounds for 60 gold pieces
  1150 | D:2      | 1150 ||| SHOPLISTING potion of might (48 gold, have 12).
  1150 | D:2      | 1150 ||| SHOPLISTING potion of mutation (96 gold, have 12).
  1540 | D:2      | 1540 ||| UPGRADING to +0 helmet.
  1545 | D:2      | 1545 ||| READING scroll labelled VEPRIC KAH.
  1545 | D:2      | 1545 ||| ENCHANTING +0 shortbow.
  1572 | D:3      | 1572 ||| STAIRDANCE
  1579 | D:3      | Reached XP level 5. HP: 29/29 MP: 7/7
  1694 | D:3      | Found a hide-covered altar of Uskayaw.
  1778 | D:3      | Reached skill level 9 in Ranged Weapons
  1993 | D:3      | HP: 5/30 [orc priest/+0 mace (7)]
  1994 | D:3      | 1994 ||| DRINKING potion of heal wounds.
  2000 | D:3      | 2000 ||| DRINKING 5 potions of curing.
  2000 | D:3      | 2000 ||| (to cure confusion)
  2006 | D:3      | Killed from afar by an orc wizard

Levels and vault maps discovered:
D:1:      dpeg_arrival_subterranean_lakeside_camping, layout_rooms
D:2:      minmay_door_path, layout_basic, serial_corexii_hall,
          corexii_hall_statues_l, chequers_hall_statues_wall_a,
          corexii_hall_statues_x, dreamdust_ecumenical_altar_drowned_temple,
          serial_shops, nicolae_shop_pleasant_corner_grove, uniq_jessica
D:3:      layout_basic, eat_drink_and_be_merry_uskayaw, grunt_ministairs_6

Skill      XL: |  1  2  3  4  5 |
---------------+----------------+-----
Ranged Weapons | 6 7 8 9 |  9.3
Fighting       | 2 |  2.0
Dodging        | |  2.4
Stealth        | |  1.2

Action                     |  1- 3 |  4- 6 || total
---------------------------+-------+-------++-------
   Fire: Shortbow          |   112 |   131 ||   243
    Use: Scroll            |     2 |     1 ||     3
         Potion            |       |     2 ||     2
 Armour: Leather armour    |    10 |       ||    10
         Ring mail         |     8 |    54 ||    62
  Dodge: Dodged            |    21 |    54 ||    75

Table legend:
 A = Non-vault XP
 B = Vault XP
 C = Vault XP percentage of total XP
 D = Non-vault monster count
 E = Vault monster count
 F = Vault count percentage of total count
                 A         B        C        D         E       F
            +---------+---------+-------+---------+---------+-------
      Total |     299 |      59 |  16.5 |      69 |       9 |  11.5
            +---------+---------+-------+---------+---------+-------
        D:1 |      51 |       8 |  13.6 |      28 |       6 |  17.6
        D:2 |      75 |      38 |  33.6 |      18 |       2 |  10.0
        D:3 |     173 |      13 |   7.0 |      23 |       1 |   4.2
            +---------+---------+-------+---------+---------+-------
